 Dungeon Crawl Stone Soup version 0.28-a0-1184-g53156a8862 (webtiles) character file.

Game seed: 11585245221335200416

18695 bearlyready the Fighter (level 12, 0/112 HPs)
             Began as a Red Draconian Ice Elementalist on Dec 17, 2021.
             Was an Initiate of Gozag.
             Slain by a wolf spider (21 damage)
             ... on level 1 of the Lair of Beasts.
             The game lasted 00:35:45 (19228 turns).

bearlyready the Fighter (DrIE)                     Turns: 19228, Time: 00:35:46

Health: 0/112      AC: 12    Str: 18    XL:     12   Next: 30%
Magic:  22/24      EV:  2    Int: 19    God:    Gozag
Gold:   2485       SH:  0    Dex: 14    Spells: 19/27 levels left

rFire   + + .      SeeInvis .   m - +2 short sword (elec)
rCold   + . .      Faith    .   (no shield)
rNeg    . . .      Spirit   .   (armour unavailable)
rPois   .          Reflect  +   (helmet restricted)
rElec   +          Harm     .   C - +1 cloak {Will+}
rCorr   .          Rampage  .   v - +0 pair of gloves
Will    ++...                   k - +0 pair of boots
Stlth   ++........              M - amulet of reflection
HPRegen 0.28/turn               P - +6 ring of strength
MPRegen 0.19/turn               w - ring of Fywaexy {rElec rF+ rC+ Will+ Dex+2}

@: sleeping, gold aura, freezing walls
A: breathe fire, AC +8, unfitting armour, fire resistance 1, cold-blooded
a: Breathe Fire, Renounce Religion, Potion Petition, Call Merchant, Bribe Branch


You were on level 1 of the Lair of Beasts.
You worshipped Gozag.
Gozag was most pleased with you.
You visited 4 branches of the dungeon, and saw 15 of its levels.
You also visited: Ossuary and Ice Cave.

You collected 2899 gold pieces.
You paid 414 gold pieces to Gozag.

Inventory:

Hand Weapons
 d - a +0 dagger
 g - a +0 dagger of draining
 i - a +0 short sword of freezing
 m - a +2 short sword of electrocution (weapon)
Missiles
 a - 55 poisoned darts
 c - 6 datura-tipped darts
 y - 10 boomerangs (quivered)
 S - 14 silver boomerangs
Armour
 k - a +0 pair of boots (worn)
 v - a +0 pair of gloves (worn)
 C - a +1 cloak of willpower (worn)
 I - a +2 cloak
 T - a +1 tower shield of cold resistance
Magical Staves
 h - a staff of conjuration
Jewellery
 f - a ring of magical power
 l - a ring of see invisible
 n - an amulet of magic regeneration
 w - the ring of Fywaexy (right hand) {rElec rF+ rC+ Will+ Dex+2}
   (You found it in an ossuary)

   [ring of protection from fire]

   Dex:       It affects your dexterity (+2).
   rF:        It protects you from fire.
   rC:        It protects you from cold.
   rElec:     It insulates you from electricity.
   Will:      It increases your willpower.
 x - an amulet of regeneration
 E - the ring "Etung" {Ice Will+ Str+6}
   (You found it in an ice cave)

   [ring of ice]

   It enhances your ice magic.
   Str:       It affects your strength (+6).
   rF:        It makes you vulnerable to fire.
   rC:        It protects you from cold.
   Will:      It increases your willpower.
 K - a ring of flight
 L - a ring of protection from fire
 M - an amulet of reflection (around neck)
 N - an amulet of the acrobat
 P - a +6 ring of strength (left hand)
Wands
 Q - a wand of polymorph (6)
 W - a wand of mindburst (3)
 Y - a wand of iceblast (7)
Scrolls
 b - 2 scrolls of blinking
 e - 3 scrolls of immolation
 j - 7 scrolls of teleportation
 o - a scroll of enchant weapon
 t - a scroll of enchant armour
 B - a scroll of amnesia {unknown}
 D - 4 scrolls of noise {unknown}
 F - 4 scrolls of vulnerability
 H - a scroll of acquirement {unknown}
 J - a scroll of brand weapon {unknown}
 O - a scroll of fear {unknown}
 R - 2 scrolls of torment
 Z - a scroll of fog {unknown}
Potions
 p - 2 potions of flight
 q - 5 potions of lignification
 r - 2 potions of curing
 s - a potion of degeneration {unknown}
 u - 4 potions of brilliance
 z - a potion of invisibility
 A - 4 potions of haste
 G - 2 potions of cancellation
 U - a potion of might
 V - 2 potions of mutation {unknown}
 X - a potion of resistance {unknown}


   Skills:
 - Level 12.0 Fighting
 - Level 3.2 Short Blades
 + Level 9.0 Dodging
 - Level 1.7 Stealth
 + Level 3.0 Shields
 - Level 8.0 Spellcasting
 + Level 6.3 Conjurations
 - Level 6.2 Ice Magic
 - Level 6.0 Evocations


You had 19 spell levels left.
You knew the following spells:

 Your Spells              Type           Power      Damage    Failure   Level
a - Freeze                Ice            100%       1d11      1%          1
b - Frozen Ramparts       Ice            62%        1d8       1%          3
c - Hailstorm             Conj/Ice       31%        3d8       7%          4

Your spell library contained the following spells:

 Spells                   Type           Power      Damage    Failure   Level
 Ozocubu's Armour         Ice            31%        N/A       1%          3
 Ensorcelled Hibernation  Hex/Ice        38%        N/A       3%          2
 Animate Skeleton         Necr           14%        N/A       9%          1
 Pain                     Necr           28%        1d5       9%          1
 Slow                     Hex            28%        N/A       9%          1
 Confusing Touch          Hex            7%         N/A       26%         3
 Spider Form              Tmut/Pois      7%         N/A       26%         3
 Tukima's Dance           Hex            7%         N/A       26%         3
 Vampiric Draining        Necr           7%         2d6       26%         3
 Ice Form                 Ice/Tmut       19%        N/A       26%         4
 Summon Ice Beast         Ice/Summ       19%        N/A       26%         4
 Olgreb's Toxic Radiance  Pois           7%         N/A       65%         4
 Passage of Golubria      Tloc           7%         N/A       65%         4
 Yara's Violent Unravell  Hex/Tmut       3%         3d4       94%         5


Dungeon Overview and Level Annotations

Branches:
Dungeon (12/15)            Temple (1/1) D:5            Lair (1/6) D:10
    Orc (1/2) D:9         Ossuary (visited)           IceCv (visited)

Altars:
Ashenzari
Cheibriados
Dithmenos
Elyvilon
Fedhas
Gozag
Hepliaklqana
Kikubaaqudgha
Makhleb
Nemelex Xobeh
Okawaru
Qazlal
Ru
Sif Muna
Trog
Uskayaw
Vehumet
Wu Jian
Xom
Yredelemnul
Zin
The Shining One

Shops:
D:4 (   D:5 (

Annotations:
D:7 3 runed translucent doors, pascalblue's ghost, novice DECj
D:12 2 transporters, JamezByez's ghost, journeyman MiBe


Innate Abilities, Weirdness & Mutations

You can breathe blasts of fire.
Your fiery red scales are hard. (AC +8)
You cannot fit into any form of body armour.
Your flesh is heat resistant. (rF+)
You are cold-blooded and may be slowed by cold attacks.


Message History

The wall freezes the wolf spider.
The wolf spider hits you!!
You wake up.
The wolf spider bites you but does no damage.
The wall freezes the dream sheep!
The wall freezes the torpor snail!
You kill the torpor snail!
Okay, then.
You can't do that yet.
Unknown command.
Unknown command.
You feel better.
You feel yourself speed up.
The wall freezes the wolf spider.
The wolf spider closely misses you. The wolf spider bites you.
You are poisoned.
The wolf spider poisons you!
The wall freezes the wolf spider.
The wolf spider completely misses you.
The wolf spider bites you but does no damage.
The wall freezes the dream sheep.
The wall freezes the wolf spider.
The wolf spider hits you!
* * * LOW HITPOINT WARNING * * *
The wolf spider misses you.
Aiming: Mindburst
Press: ? - help, Shift-Dir - straight line, f - wolf spider
Aim: a wolf spider (moderately wounded, chance to affect: 85%)
The wolf spider's mind is blasted!!
You have got your breath back.
* * * LOW HITPOINT WARNING * * *
You feel extremely sick.
The wall freezes the dream sheep!
You kill the dream sheep!
The wall freezes the wolf spider.
The wolf spider barely misses you. You block the wolf spider's attack.
The wall freezes the dream sheep.
Your Dodging skill increases to level 9!
Your Shields skill increases to level 3!
You feel better.
The wall freezes the wolf spider.
The wolf spider misses you. x2
The dream sheep shake their wool and sparkle.
You feel drowsy...
You fall asleep.
The wall freezes the dream sheep.
The wall freezes the wolf spider.
The wolf spider hits you!!
You die...
Your body crumbles into a pile of gold.

.#.....#.##.≈≈≈≈≈..≈
.........#..≈.≈≈.>.≈
....................
.........<[.........
............#..###..
...............# .
.........#..#..#
.).......##.#..#########
..........#..YYs@.......
.........###...###..###.
.........# ##..# ##
.........## #..# #
..........###..##.#.##
.............Yw....>.#
............h.s$Y.##
..............Y#..#
.....................


You could see a wolf spider and 2 dream sheep.

Vanquished Creatures
  Snorg (D:10)
  An ice dragon (IceCv)
  A two-headed ogre (D:9)
  A deep elf pyromancer (D:7)
  An ugly thing (D:12)
  2 ice statues (IceCv)
  An unseen horror (D:6)
  A torpor snail (Lair:1)
  2 cane toads (Lair:1)
  4 rime drakes (IceCv)
  A komodo dragon (Lair:1)
  2 ice devils (D:11)
  2 trolls
  2 slime creatures (D:12)
  2 dream sheep (Lair:1)
  2 shadows
  A wraith (D:7)
  16 yaks
  A basilisk (Lair:1)
  3 steam dragons
  4 vampire mosquitoes (D:11)
  2 wargs (D:10)
  3 acid dragons
  A water moccasin (D:6)
  9 orc warriors
  2 hornet zombies (Ossuary)
  3 sky beasts
  A black bear (D:6)
  An ice beast (D:8)
  3 ogres
  A wolf (Lair:1)
  5 centaurs
  2 phantoms
  2 kobold brigands
  3 bullfrogs
  A wyvern zombie (D:8)
  2 scorpions
  A water moccasin zombie (Ossuary)
  A water moccasin skeleton (D:5)
  3 lindwurm simulacra (IceCv)
  An electric eel (Lair:1)
  2 howler monkeys
  11 bullfrog zombies
  11 centaur zombies
  8 komodo dragon simulacra (IceCv)
  Crazy Yiuf (D:4)
  2 bullfrog skeletons (D:6)
  14 orc priests
  3 hounds
  Jessica (D:3)
  A gnoll shaman (D:5)
  3 iguanas
  12 orc wizards
  4 killer bee zombies
  A hound skeleton (D:4)
  11 mummies
  6 howler monkey zombies (Ossuary)
  Robin (D:4)
  9 adders
  3 gnolls (D:5)
  5 acid dragon simulacra (IceCv)
  A white imp (D:5)
  5 steam dragon simulacra (IceCv)
  37 orcs
  7 ball pythons
  3 bats
  5 endoplasms
  6 giant cockroaches
  24 goblins
  9 hobgoblins
  11 jackals
  6 quokkas
  4 frilled lizards
  A goblin zombie (D:4)
  16 kobolds
  An orc zombie (D:4)
  5 rats
348 creatures vanquished.

Vanquished Creatures (collateral kills)
  A komodo dragon (D:11)
  3 yaks (D:11)
4 creatures vanquished.

Vanquished Creatures (others)
  A wyvern (D:9)
  An orc (Orc:1)
  A kobold (D:4)
  5 withered plants (Ossuary)
8 creatures vanquished.

Grand Total: 360 creatures vanquished

Notes
Turn   | Place    | Note
-------+----------+-------------------------------------------
     0 | D:1      | bearlyready the Draconian Ice Elementalist began the quest
                  | for the Orb.
     0 | D:1      | Reached XP level 1. HP: 14/14 MP: 3/3
   399 | D:1      | Found a faded altar of an unknown god.
   400 | D:1      | Noticed a golden eye
   404 | D:1      | Noticed a shining eye
   404 | D:1      | Noticed a floating eye
   404 | D:1      | Noticed a golden eye
   430 | D:1      | Reached XP level 2. HP: 20/20 MP: 3/5
   910 | D:1      | Reached skill level 5 in Ice Magic
   913 | D:1      | Reached XP level 3. HP: 8/26 MP: 0/6
  1911 | D:2      | Reached XP level 4. HP: 33/33 MP: 7/7
  1938 | D:2      | Learned a level 3 spell: Frozen Ramparts
  2712 | D:3      | Reached skill level 1 in Fighting
  2751 | D:3      | Noticed a phantom
  2790 | D:3      | Killed a phantom
  2791 | D:3      | Reached XP level 5. HP: 23/41 MP: 0/8
  3011 | D:3      | Noticed Jessica
  3021 | D:3      | Killed Jessica
  3022 | D:3      | Reached skill level 2 in Fighting
  3246 | D:3      | Noticed an ogre
  3255 | D:3      | Killed an ogre
  3256 | D:3      | Reached XP level 6. HP: 12/50 MP: 2/10
  3906 | D:4      | Reached skill level 3 in Fighting
  4358 | D:4      | Found a sand-covered staircase.
  4366 | Ossuary  | Entered an ossuary
  4543 | Ossuary  | Your scales start taking on a fiery red colour.
  4543 | Ossuary  | Reduced skill Ice Magic to level 5
  4543 | Ossuary  | Reached XP level 7. HP: 37/58 MP: 12/12
  4543 | Ossuary  | Gained mutation: Your flesh is heat resistant. (rF+) [Red
                  | Draconian growth]
  4602 | Ossuary  | Reached skill level 4 in Fighting
  4980 | Ossuary  | Reached skill level 5 in Fighting
  4980 | Ossuary  | Reached XP level 8. HP: 45/68 MP: 15/15
  5107 | Ossuary  | Reached skill level 5 in Spellcasting
  5461 | Ossuary  | Reached skill level 6 in Fighting
  5652 | Ossuary  | Identified the ring of Fywaexy {rElec rF+ rC+ Will+ Dex+2}
  5807 | D:4      | Found Jiypiyrph's Weapon Emporium.
  6271 | D:4      | Found a runed translucent door.
  6272 | D:4      | Noticed Crazy Yiuf
  6385 | D:4      | Noticed Robin
  6397 | D:4      | Killed Robin
  6556 | D:4      | Killed Crazy Yiuf
  6700 | D:5      | Entered Level 5 of the Dungeon
  6743 | D:5      | Reached skill level 1 in Conjurations
  6918 | D:5      | Found Vaets's Antique Weapon Emporium.
  7060 | D:5      | Reached skill level 7 in Fighting
  7258 | D:5      | Reached skill level 1 in Short Blades
  7499 | D:5      | Found a staircase to the Ecumenical Temple.
  7681 | Temple   | Entered the Ecumenical Temple
  7907 | Temple   | Became a worshipper of Gozag Ym Sagoz the Greedy
  8257 | D:6      | Noticed an unseen horror
  8267 | D:6      | Killed an unseen horror
  8268 | D:6      | Reached XP level 9. HP: 58/79 MP: 16/18
  8333 | D:6      | Reached skill level 1 in Evocations
  8647 | D:6      | Reached skill level 5 in Conjurations
  9241 | D:7      | Found a basalt altar of Yredelemnul.
  9316 | D:7      | Noticed a deep elf pyromancer
  9330 | D:7      | Killed a deep elf pyromancer
  9331 | D:7      | Reached XP level 10. HP: 55/88 MP: 19/19
  9690 | D:7      | Found a runed translucent gate.
  9691 | D:7      | Found a runed translucent gate.
  9691 | D:7      | Found an opulent altar of Gozag.
  9922 | D:7      | Reached skill level 8 in Fighting
 10263 | D:7      | Found a runed translucent gate.
 10268 | D:7      | Noticed pascalblue's ghost (novice DECj)
 10933 | D:7      | Noticed a manticore
 11055 | D:8      | Reached skill level 5 in Evocations
 11568 | D:8      | Reached skill level 9 in Fighting
 11757 | D:8      | Reached skill level 5 in Dodging
 12609 | D:9      | Noticed a two-headed ogre
 12622 | D:9      | Killed a two-headed ogre
 12876 | D:9      | Found a staircase to the Orcish Mines.
 13199 | D:9      | Reached XP level 11. HP: 67/99 MP: 20/20
 13568 | D:10     | Entered Level 10 of the Dungeon
 13582 | D:10     | Reached skill level 10 in Fighting
 14287 | D:10     | Found a staircase to the Lair.
 14523 | D:10     | Noticed Snorg
 14541 | D:10     | Killed Snorg
 15319 | D:11     | Noticed a +0 dagger
 15347 | D:11     | Reached skill level 11 in Fighting
 15376 | D:11     | Found a frozen archway.
 15563 | IceCv    | Entered an ice cave
 15590 | IceCv    | HP: 1/102 [lindwurm simulacrum (9)]
 16755 | IceCv    | Noticed an ice dragon
 16789 | IceCv    | Killed an ice dragon
 16790 | IceCv    | Reached XP level 12. HP: 94/111 MP: 22/24
 16816 | IceCv    | Identified the ring "Etung" {Ice Will+ Str+6}
 17150 | D:11     | Found a hide-covered altar of Uskayaw.
 17854 | D:12     | Reached skill level 12 in Fighting
 18281 | D:12     | Found a transporter.
 18284 | D:12     | Noticed JamezByez's ghost (journeyman MiBe)
 18311 | D:12     | Noticed a fire dragon
 18319 | D:12     | Found a transporter.
 18397 | D:12     | Reached skill level 1 in Shields
 18465 | Orc:1    | Entered Level 1 of the Orcish Mines
 18466 | Orc:1    | Noticed an ogre mage
 18470 | Orc:1    | Noticed a two-headed ogre
 18470 | Orc:1    | Noticed a two-headed ogre
 18583 | Orc:1    | Noticed a two-headed ogre
 18639 | Lair:1   | Entered Level 1 of the Lair of Beasts
 19190 | Lair:1   | Got the Volume of Freezing Venom
 19196 | Lair:1   | Learned a level 4 spell: Hailstorm
 19228 | Lair:1   | Slain by a wolf spider

Illustrated notes

Levels and vault maps discovered:
D:1:      wander_arrival_peaceful_grave, layout_loops_ring,
          hellmonk_ecumenical_altar_watching_god, minmay_pentomino_p4
D:2:      layout_basic
D:3:      layout_loops_ring, kennysheep_generic_room_7, uniq_jessica
D:4:      kennysheep_goblin_castle, layout_loops_ring,
          nicolae_ossuary_entry_giza, serial_shops, shop_fountains,
          uniq_crazy_yiuf_cottage
D:5:      layout_basic, temple_hall, serial_shops, shop,
          kennysheep_generic_room_10
D:6:      layout_rooms, minmay_bent
D:7:      layout_layer_cave, mainiacjoe_overflow_chevrons, ebering_ghost_gozag,
          kennysheep_diamond, minmay_chambers_of_fives
D:8:      layout_loops_ring, nicolae_underground_beach
D:9:      layout_basic, orc_0_dummy, kennysheep_generic_room_9
D:10:     layout_cave_pools, erik_lair_orcish_takeover,
          minmay_unpleasant_kobolds, uniq_snorg
D:11:     layout_gridville, portal_ice_cave_demonic_guard,
          nicolae_uskayaw_en_pointe
D:12:     layout_long_grid, gammafunk_ghost_berserking_beasts, eino_jars,
          uniq_psyche
Temple:   mainiacjoe_temple_hex_bubbles
Lair:1:   layout_gridlike, nicolae_lair_run_with_the_wolves,
          infiniplex_staircase_pool
Orc:1:    layout_caves, serial_shops, shop

Skill      XL: |  1  2  3  4  5  6  7  8  9 10 11 12 |
---------------+-------------------------------------+-----
Ice Magic      | 5 6 5 6 |  6.2
Fighting       | 1 2 3 5 7 9 11 12 | 12.0
Spellcasting   | 3 4 6 8 |  8.0
Conjurations   | 3 6 |  6.3
Short Blades   | 2 3 |  3.2
Evocations     | 4 6 |  6.0
Dodging        | 3 6 8 9 |  9.0
Shields        | 3 |  3.0
Stealth        | |  1.7

Action                   |  1- 3 |  4- 6 |  7- 9 | 10-12 || total
-------------------------+-------+-------+-------+-------++-------
Melee: Unarmed           |    21 |       |       |       ||    21
       Dagger            |    62 |    46 |       |       ||   108
       Tailslap          |    11 |    16 |    40 |    68 ||   135
       Short sword       |    21 |   140 |   303 |   443 ||   907
Throw: Dart              |       |       |    13 |    30 ||    43
       Boomerang         |       |       |       |     5 ||     5
       Throwing net      |       |       |       |     2 ||     2
 Cast: Freeze            |    24 |    10 |     2 |       ||    36
       Frozen Ramparts   |       |    12 |    23 |    48 ||    83
Invok: Potion Petition   |       |       |       |     2 ||     2
 Abil: Breathe Fire      |       |       |    15 |    35 ||    50
Evoke: Wand              |       |       |       |    10 ||    10
  Use: Potion            |       |     4 |     2 |    10 ||    16
       Scroll            |       |     4 |     5 |    10 ||    19
 Stab: Sleeping          |     2 |     6 |     3 |     3 ||    14
       Invisible         |       |       |     1 |     1 ||     2
       Distracted        |       |       |       |     3 ||     3
       Held in net/web   |       |       |       |     1 ||     1
Armor: Skin              |    22 |   103 |   123 |   138 ||   386
Dodge: Dodged            |    90 |   143 |   205 |   309 ||   747
Block: Other             |       |       |       |    74 ||    74
       Reflection        |       |       |       |     4 ||     4
       Tower shield      |       |       |       |    19 ||    19

Table legend: (Time is in decaauts)
 A = Elapsed time spent in this place.
 B = Non-inter-level travel time spent in this place.
 C = Inter-level travel time spent in this place.
 D = Time resting spent in this place.
 E = Time spent auto-exploring this place.
 F = Levels seen in this place.
 G = Mean time per level.
                   A        B        C        D        E       F      G
               +--------+--------+--------+--------+--------+-----+--------+
         Total |  19262 |  18537 |    725 |   2061 |  13254 |  17 | 1133.1 |
       Dungeon |  15601 |  14913 |    688 |    736 |  11733 |  12 | 1300.1 |
        Temple |    262 |    227 |     35 |      0 |    218 |   1 |  262.0 |
          Lair |    606 |    606 |      0 |      0 |    484 |   1 |  606.0 |
  Orcish Mines |      8 |      8 |      0 |      0 |      0 |   1 |    8.0 |
       Ossuary |   1427 |   1427 |      0 |    525 |    534 |   1 | 1427.0 |
      Ice Cave |   1356 |   1356 |      0 |    800 |    284 |   1 | 1356.0 |
               +--------+--------+--------+--------+--------+-----+--------+

Top non-repeatable levels by time:
     D:7: 1705 daAuts
     D:9: 1590 daAuts
     D:1: 1468 daAuts
    D:10: 1459 daAuts
     D:8: 1458 daAuts
     D:4: 1451 daAuts
 Ossuary: 1427 daAuts
   IceCv: 1356 daAuts
     D:5: 1285 daAuts
     D:2: 1242 daAuts
    D:11: 1224 daAuts
     D:3: 1167 daAuts
     D:6: 985 daAuts
  Lair:1: 606 daAuts
    D:12: 561 daAuts
